 Dungeon Sprint DCSS version 0.23-a0-681-g26ad783 (webtiles) character file.

1496 Lanoc the Carver (level 8, -2/105 (106) HPs)
             Began as a Demonspawn Berserker on Jan 11, 2019.
             Was an Elder of Trog.
             Slain by a sun demon (4 damage)
             ... summoned by a kobold demonologist
             ... in the Dungeon (Sprint II: "The Violet Keep of Menkaure").
             The game lasted 00:04:19 (530 turns).

Lanoc the Carver (Demonspawn Berserker)              Turns: 530, Time: 00:04:19

HP:   -2/105 (106)  AC:  2    Str: 25    XL:     8   Next: 51%
MP:   8/8           EV: 16    Int:  9    God:    Trog [****..]
Gold: 836           SH:  0    Dex: 12    Spells: 7/7 levels left

rFire    . . .     SeeInvis .   a - +0 falchion
rCold    . . .     Gourm    .   (no shield)
rNeg     . . .     Faith    .   b - +0 animal skin
rPois    .         Spirit   .   (helmet restricted)
rElec    .         Reflect  .   (no cloak)
rCorr    .         Harm     .   (no gloves)
MR       +++..     NoTele   +   (no boots)
Stlth    ..........             (no amulet)
HPRegen  1.27/turn              (no ring)
MPRegen  0.11/turn              (no ring)

@: berserking, starving, regenerating, very quick
A: claws 2, hooves 2, horns 2, magic resistance 1, wild magic 1
a: Berserk, Trog's Hand, Brothers in Arms, Renounce Religion


You were in the Dungeon.
You worshipped Trog.
Trog was greatly pleased with you.
You were starving.

You visited 1 branch You collected 972 gold pieces.
You spent 136 gold pieces at shops.

Inventory:

Hand Weapons
 a - a +0 falchion (weapon)
Armour
 b - a +0 animal skin (worn)
Scrolls
 i - a scroll of blinking
 j - 2 scrolls of identify
Potions
 d - a potion of curing
 e - a potion of heal wounds
 f - a potion of haste
 g - 2 potions of magic
 h - a potion of berserk rage


   Skills:
 + Level 9.2 Fighting
 * Level 11.3 Long Blades
 + Level 8.1 Armour
 + Level 8.1 Dodging


You had 7 spell levels left.
You didn't know any spells.
Your spell library was empty.

Dungeon Overview and Level Annotations

Branches:
Dungeon (1/1)

Altars:

Shops:
D ?!:[*}!=[}!?(:%=

Annotations:
D exclusions: ice statue and oklob plant, Kirke


Innate Abilities, Weirdness & Mutations

You have very sharp fingernails.
You have hoof-like feet.
You have a pair of horns on your head.
You are resistant to hostile enchantments. (MR+)
Your spells are a little harder to cast, but a little more powerful.


Message History

The skeletal warrior hits you with a +0 short sword!!
* * * LOW HITPOINT WARNING * * *
The centaur warrior wields a +0 longbow.
The centaur warrior shoots an arrow.
You hear a splash.
You slash the skeletal warrior! Your kick misses the skeletal warrior.
The skeletal warrior is heavily damaged.
You hear a splashing noise.
Unknown command.
You slash the skeletal warrior! You kick the skeletal warrior.
Your headbutt misses the skeletal warrior.
The skeletal warrior is heavily damaged.
The skeletal warrior hits you with a +0 short sword!
* * * LOW HITPOINT WARNING * * *
The centaur warrior shoots an arrow.
You closely miss the skeletal warrior. Your kick misses the skeletal warrior.
You headbutt the skeletal warrior, but do no damage.
The skeletal warrior is heavily damaged.
The sun demon hits you.
You die...

####+#### ##°°○°○.°##
##°.°°°○○°.## ## +.°.°°8°°○..#
.YK####.°°°°°○.° cc.≈## .°°°°
############≈{#+++#+++##
###########≈≈z@........#
##........#≈≈3≈.##'##..#
##....⌠...#≈≈≈≈##...##.# ##
##...∩.∩..#≈≈≈≈#..#..# ...#
##..∩.∩.∩.#≈≈####.#.####..##
##.∩.∩.∩.∩#≈##.###÷###.##..#
##∩.∩...∩.#≈#...##.##.#.#..#
##.∩.....∩'≈'###'.<.'##.'..###
##∩.......#≈#...##.###..#....#


You could see a yaktaur captain, an elephant, a skeletal warrior, a centaur
warrior, a sun demon and a kobold demonologist.

Vanquished Creatures
  A merfolk siren (D)
  4 neqoxecs (D)
  Menkaure (D)
  4 necrophages (D)
10 creatures vanquished.

Vanquished Creatures (collateral kills)
  2 tyrant leeches (D)
2 creatures vanquished.

Vanquished Creatures (others)
  A crocodile (D)
1 creature vanquished.

Grand Total: 13 creatures vanquished

Notes
Turn   | Place    | Note
-------+----------+-------------------------------------------
     0 | D        | Lanoc the Demonspawn Berserker began the quest for the Orb.
     0 | D        | Reached XP level 1. HP: 18/18 MP: 1/1
     1 | D        | Noticed a tyrant leech
     1 | D        | Noticed a tyrant leech
     5 | D        | Noticed a neqoxec
    17 | D        | Killed a neqoxec
    17 | D        | Reached skill level 5 in Fighting
    17 | D        | Reached skill level 6 in Long Blades
    17 | D        | Gained mutation: You have large cloven feet. [demonic
                  | ancestry]
    17 | D        | Reached XP level 2. HP: 27/27 MP: 2/2
    17 | D        | Gained mutation: You have hoof-like feet. [demonic
                  | ancestry]
    17 | D        | Reached XP level 3. HP: 33/33 MP: 3/3
    17 | D        | Reached XP level 4. HP: 39/39 MP: 4/4
    60 | D        | Noticed a necrophage
    60 | D        | Noticed a necrophage
    60 | D        | Noticed a necrophage
    60 | D        | Noticed a necrophage
    65 | D        | Killed a necrophage
    65 | D        | Reached skill level 7 in Long Blades
    65 | D        | Reached skill level 5 in Armour
    65 | D        | Reached skill level 5 in Dodging
    65 | D        | Gained mutation: You have sharp fingernails. [demonic
                  | ancestry]
    65 | D        | Reached XP level 5. HP: 46/46 MP: 5/5
    67 | D        | Killed a necrophage
    67 | D        | Reached ** piety under Trog
    67 | D        | Reached skill level 8 in Long Blades
    67 | D        | Gained mutation: You have a pair of small horns on your
                  | head. [demonic ancestry]
    67 | D        | Reached XP level 6. HP: 53/53 MP: 6/6
    74 | D        | Reached skill level 9 in Long Blades
   108 | D        | Noticed an ice statue
   110 | D        | Noticed Menkaure
   115 | D        | Killed Menkaure
   115 | D        | Reached *** piety under Trog
   115 | D        | Gained mutation: You have very sharp fingernails. [demonic
                  | ancestry]
   115 | D        | Reached XP level 7. HP: 59/59 MP: 7/7
   117 | D        | Found Osej's Food Shoppe.
   117 | D        | Found Nohiatre's Jewellery Emporium.
   118 | D        | Found Urithrod's Antique Weapon Emporium.
   118 | D        | Found Buoteb's Book Shoppe.
   119 | D        | Found Illug's Distillery.
   119 | D        | Found Qich's Magic Scroll Emporium.
   120 | D        | Found Foakhloag's Gadget Shoppe.
   121 | D        | Found Heivoyzy's Jewellery Emporium.
   121 | D        | Found Beqipt's Antique Armour Shoppe.
   122 | D        | Found Buidoyla's Gadget Emporium.
   122 | D        | Found Utyo's Distillery.
   122 | D        | Noticed a manticore
   122 | D        | Noticed a manticore
   127 | D        | Found Kuese's General Store.
   127 | D        | Found Puiraz's Antique Armour Emporium.
   127 | D        | Noticed a manticore
   127 | D        | Noticed an oklob plant
   128 | D        | Found Licaink's Distillery.
   128 | D        | Found Mekkesak's Magic Scroll Emporium.
   128 | D        | Found Axtys's Book Shoppe.
   133 | D        | Bought a scroll of identify for 28 gold pieces
   133 | D        | Bought a scroll of identify for 28 gold pieces
   138 | D        | Noticed a hell hog
   140 | D        | Noticed an ice dragon
   141 | D        | Noticed a hell hog
   174 | D        | Noticed a merfolk siren
   183 | D        | Killed a merfolk siren
   183 | D        | Reached skill level 10 in Long Blades
   358 | D        | Noticed a neqoxec
   362 | D        | Killed a neqoxec
   362 | D        | Reached **** piety under Trog
   362 | D        | Gained mutation: You have a pair of horns on your head.
                  | [demonic ancestry]
   362 | D        | Reached XP level 8. HP: 68/68 MP: 8/8
   367 | D        | Gained mutation: Potions are less effective at restoring
                  | your health. [a neqoxec]
   369 | D        | Gained mutation: Scrolls take you a little longer to read.
                  | [a neqoxec]
   372 | D        | Reached skill level 11 in Long Blades
   387 | D        | Killed a tyrant leech
   390 | D        | Killed a tyrant leech
   408 | D        | Bought a potion of mutation for 80 gold pieces
   409 | D        | Lost mutation: Scrolls take you a little longer to read.
                  | [potion of mutation]
   409 | D        | Lost mutation: Potions are less effective at restoring your
                  | health. [potion of mutation]
   409 | D        | Gained mutation: Your spells are a little harder to cast,
                  | but a little more powerful. [potion of mutation]
   409 | D        | Gained mutation: You are resistant to hostile enchantments.
                  | (MR+) [potion of mutation]
   518 | D        | Noticed a centaur warrior
   518 | D        | Noticed Kirke
   518 | D        | Noticed a skeletal warrior
   519 | D        | Noticed an elephant
   519 | D        | Noticed a kobold demonologist
   520 | D        | Noticed a sun demon
   521 | D        | Noticed a yaktaur captain
   529 | D        | HP: 1/105 [skeletal warrior/+0 short sword (14)]
   530 | D        | Slain by a sun demon

Vault maps used:
D:        the_violet_keep_of_menkaure

Skill      XL: |  1  2  3  4  5  6  7  8 |
---------------+-------------------------+-----
Fighting       | 5 6 7 8 9 |  9.2
Long Blades    | 6 7 8 9 10 11 | 11.3
Armour         | 4 5 6 7 8 |  8.1
Dodging        | 4 5 6 7 8 |  8.1

Action                   |  1- 3 |  4- 6 |  7- 9 || total
-------------------------+-------+-------+-------++-------
Melee: Falchion          |     4 |    14 |    26 ||    44
       Kick              |       |     5 |    10 ||    15
       Headbutt          |       |       |     3 ||     3
Invok: Berserk           |     1 |     2 |     3 ||     6
       Trog's Hand       |       |     1 |     1 ||     2
       Brothers in Arms  |       |       |     1 ||     1
  Use: Potion            |       |       |     1 ||     1
  Eat: Ration            |       |       |     1 ||     1
Dodge: Dodged            |     1 |     4 |     5 ||    10
       Rpst.: Falchion   |     1 |       |     1 ||     2

Table legend:
 A = Non-vault XP
 B = Vault XP
 C = Vault XP percentage of total XP
 D = Non-vault monster count
 E = Vault monster count
 F = Vault count percentage of total count
                 A         B        C        D         E       F
            +---------+---------+-------+---------+---------+-------
      Total |       0 |    2138 | 100.0 |       0 |      12 | 100.0
            +---------+---------+-------+---------+---------+-------
          D |       0 |    2138 | 100.0 |       0 |      12 | 100.0
            +---------+---------+-------+---------+---------+-------
